 Dungeon Crawl Stone Soup version 0.16.1-11-g651b585 (webtiles) character file.

161 McCoppin the Slicer (level 5, -9/43 HPs)
             Began as a Halfling Warper on Mar 31, 2015.
             Killed by divine providence
             ... invoked by an orc priest
              (11 damage)
             ... on level 3 of the Dungeon.
             The game lasted 00:15:37 (2888 turns).

McCoppin the Slicer (Halfling Warper)               Turns: 2888, Time: 00:15:37

Health: -9/43      AC:  7    Str: 11    XL:     5   Next: 70%
Magic:  1/7        EV: 13    Int: 12    God:
Gold:   105        SH:  0    Dex: 15    Spells: 2 memorised, 4 levels left

rFire  . . .     SeeInvis .     n - +1 dagger (flame)
rCold  . . .     Clarity  .     h - +0 ring mail
rNeg   + . .     SustAb   +     (no shield)
rPois  .         Gourm    .     (no helmet)
rElec  .         Spirit   .     (no cloak)
rCorr  .         Warding  .     (no gloves)
rMut   .         Stasis   .     o - +1 pair of boots
MR     .....                    (no amulet)
Stlth  +.........               g - ring of positive energy
                                v - ring of sustain abilities

@: very slightly contaminated, not resistant to hostile enchantments, very
unstealthy
A: mutation resistance 1
a: no special abilities


You were on level 3 of the Dungeon.
You were not hungry.

You visited 1 branch of the dungeon, and saw 3 of its levels.

You collected 105 gold pieces.

Inventory:

Hand weapons
 a - a +0 short sword
 n - a +1 dagger of flaming (weapon)
 p - a +0 hunting sling
 z - a -3 whip
 A - a -3 dagger
Missiles
 i - 69 stones (quivered)
 k - 14 poisoned needles
 q - 16 arrows of frost
 r - 3 javelins of penetration
 y - 16 arrows
Armour
 b - a +0 leather armour
 h - a +0 ring mail (worn)
 o - a +1 pair of boots (worn)
Jewellery
 g - a ring of positive energy (right hand)
 j - an uncursed ring of loudness
 s - an uncursed amulet of stasis
 v - a ring of sustain abilities (left hand)
 D - an uncursed ring of ice
Scrolls
 d - a scroll of blinking
 e - a scroll of fog
 l - a scroll of magic mapping
 t - a scroll of noise
 u - a scroll of remove curse
Potions
 m - a potion of flight
 x - a potion of degeneration
 C - a potion of brilliance
Books
 c - a book of Spatial Translocations

   Spells                             Type                      Level
   a - Apportation                    Translocation                1
   b - Blink                          Translocation                2
   c - Shroud of Golubria             Charms/Translocation         2
   d - Portal Projectile              Translocation                3
   e - Teleport Other                 Translocation                3
   f - Passage of Golubria            Translocation                4
Comestibles
 f - 2 bread rations
 B - a fruit


   Skills:
 - Level 7.3 Fighting
 - Level 10.3 Short Blades
 - Level 1.3 Throwing
 - Level 1.1 Armour
 + Level 2.7 Dodging
 + Level 1.3 Stealth
 - Level 1.5 Spellcasting
 - Level 3.2 Translocations


You had 4 spell levels left.
You knew the following spells:

 Your Spells              Type           Power        Failure   Level  Hunger
a - Apportation           Tloc           #.........   21%         1    ##.....
b - Blink                 Tloc           N/A          28%         2    ###....


Dungeon Overview and Level Annotations

Branches:
Dungeon (3/15)

Altars:
Okawaru
Qazlal


Innate Abilities, Weirdness & Mutations

You are small and have problems with some larger weapons.
You are somewhat resistant to further mutation.


Message History

Sorry, you're not good enough to have a special ability.
Unknown command.
Casting: Blink
Confirm with . or Enter, or press ? or * to list all spells.
You miscast Blink.
You are very lightly contaminated with residual magic.
Nothing appears to happen.
Casting: Blink
Confirm with . or Enter, or press ? or * to list all spells.
You blink.
Casting: Blink
Confirm with . or Enter, or press ? or * to list all spells.
You miscast Blink.
You feel a wrenching sensation.
An orc priest opens the door.
The orc priest invokes the aid of Beogh against you.
Something smites you!
* * * LOW HITPOINT WARNING * * *
The orc priest invokes the aid of Beogh against you.
Something smites you!
You die...

#.# #.⌠...
#######'###...##
#......r.....##
#.....o.........
#.............#
#......o....###
#...........#
#...........#
#..<.@.)....#
#...........#
#...........#
###########+#


You could see 2 orc priests and a quokka.

Vanquished Creatures
  2 adders (D:2)
  4 worms (D:2)
  An ooze (D:1)
  2 orcs (D:3)
  6 bats
  2 giant cockroaches (D:1)
  4 goblins
  4 hobgoblins
  8 jackals
  7 kobolds
  2 quokkas (D:2)
  4 giant newts
  7 rats
53 creatures vanquished.

Vanquished Creatures (others)
  An orc wizard (D:3)
1 creature vanquished.

Grand Total: 54 creatures vanquished

Notes
Turn   | Place    | Note
--------------------------------------------------------------
     0 | D:1      | McCoppin, the Halfling Warper, began the quest for the Orb.
     0 | D:1      | Reached XP level 1. HP: 14/14 MP: 2/2
   221 | D:1      | Reached XP level 2. HP: 19/19 MP: 3/3
   668 | D:1      | Learned a level 2 spell: Blink
  1001 | D:1      | Reached XP level 3. HP: 20/25 MP: 5/5
  1751 | D:2      | HP: 1/25 [giant newt (3)]
  1865 | D:2      | Found an iron altar of Okawaru.
  2033 | D:2      | Reached skill level 7 in Fighting
  2033 | D:2      | Reached skill level 10 in Short Blades
  2033 | D:2      | Reached XP level 4. HP: 20/38 MP: 6/6
  2432 | D:2      | Reached XP level 5. HP: 36/43 MP: 7/7
  2585 | D:2      | Found a stormy altar of Qazlal.
  2821 | D:3      | Reached skill level 1 in Stealth
  2885 | D:3      | HP: 1/43 [orc priest/divine providence (12)]
  2888 | D:3      | Killed from afar by an orc priest

Action                   |  1- 3 |  4- 6 || total
-------------------------+-------+-------++-------
Melee: Short sword       |    42 |       ||    42
       Dagger            |   332 |   195 ||   527
Throw: Stone             |     5 |    10 ||    15
       Tomahawk          |     5 |       ||     5
 Cast: Apportation       |     2 |       ||     2
       Blink             |     1 |     1 ||     2
  Use: Scroll            |     8 |     5 ||    13
       Potion            |     6 |     2 ||     8
 Stab: Sleeping          |     1 |       ||     1
  Eat: Chunk             |     3 |     2 ||     5
       Meat ration       |       |     1 ||     1
